 Dungeon Crawl Stone Soup version 0.28-a0-1555-g9ae15a6949 (webtiles) character file.

Game seed: 9721887015606136803

28 wilfster70 the Insei (level 3, -16/26 HPs)
             Began as a Demonspawn Transmuter on Jan 18, 2022.
             Demolished by a gnoll (18 damage)
             ... on level 2 of the Dungeon.
             The game lasted 00:02:39 (1256 turns).

wilfster70 the Insei (Demonspawn Transmuter)        Turns: 1256, Time: 00:02:40

Health: -16/26     AC:  2    Str: 10    XL:     3   Next: 0%
Magic:  12/15      EV: 12    Int: 16    God:
Gold:   83         SH:  0    Dex: 13    Spells: 5/6 levels left

rFire   . . .      SeeInvis .     - Unarmed
rCold   . . .      Faith    .   (no shield)
rNeg    . . .      Spirit   .   a - +0 robe
rPois   .          Reflect  .   (helmet currently unavailable)
rElec   .          Harm     .   (no cloak)
rCorr   .          Rampage  .   (no gloves)
Will    .....                   (boots currently unavailable)
Stlth   +.........              (no amulet)
HPRegen 0.08/turn               b - ring of magical power
MPRegen 0.14/turn               (no ring)

@: appendages
A: horns 2, talons 2, demonic magic 1
a: End Transformation


You were on level 2 of the Dungeon.
You had temporarily grown beastly horns and talons.
You visited 1 branch of the dungeon, and saw 2 of its levels.

You collected 83 gold pieces.

Inventory:

Armour
 a - a +0 robe (worn)
Jewellery
 b - a ring of magical power (left hand)
Potions
 c - a potion of brilliance {unknown}
 d - a potion of cancellation {unknown}
 e - a potion of mutation {unknown}


   Skills:
 - Level 1.0 Fighting
 - Level 1.7 Dodging
 + Level 3.3 Unarmed Combat
 - Level 2.0 Spellcasting
 + Level 2.5 Transmutations


You had 5 spell levels left.
You knew the following spells:

 Your Spells              Type           Power      Damage    Failure   Level
a - Beastly Appendage     Tmut           18%        N/A       8%          1

Your spell library contained the following spells:

 Spells                   Type           Power      Damage    Failure   Level
 Wereblood                Tmut           9%         N/A       11%         2
 Spider Form              Tmut/Pois      5%         N/A       36%         3
 Ice Form                 Ice/Tmut       5%         N/A       77%         4


Dungeon Overview and Level Annotations

Branches:
Dungeon (2/15)

Altars:


Innate Abilities, Weirdness & Mutations

You have temporarily grown beastly horns and talons.
Spells you cast may paralyse adjacent enemies.


Message History

You kill the ball python!
No target in view!
Unknown command.
Okay, then.
You see here a ball python corpse.
Your transformation is almost over.
Your horns disappear.
Your talons disappear. 2 gnolls come into view. 2 gnolls come into view.
A gnoll is wielding a +2 halberd of distortion.
Found 3 gold pieces.
The gnoll shouts! x3
The gnoll closely misses you.
Casting: Beastly Appendage (safe; 9% risk of failure)
Confirm with . or Enter, or press ? or * to list all spells.
You grow a pair of large bovine horns.
Your feet morph into talons.
Malevolent energies surge around you.
The gnoll suddenly stops moving!
The helpless gnoll fails to defend itself.
You hit the gnoll.
The gnoll is moderately wounded.
The gnoll is no longer paralysed.
You hit the gnoll. You claw the gnoll, but do no damage. You punch the gnoll.
The gnoll is severely wounded.
The gnoll hits you with a +0 spear.
You hit the gnoll.
You kill the gnoll!
You have reached level 3!
Your experience leads to an increase in your attributes!
Increase (S)trength, (I)ntelligence, or (D)exterity?
You feel clever. x2
Casting: Beastly Appendage (safe; 8% risk of failure)
Confirm with . or Enter, or press ? or * to list all spells.
You extend your transformation's duration.
Malevolent energies surge around you. The gnoll hits you with a +0 whip.
The gnoll hits you from afar with a +2 halberd of distortion!
Ouch! That really hurt!
* * * LOW HITPOINT WARNING * * *
Space warps horribly around you!!
Ouch! That really hurt!
You die...

#.# #....# #.# #.#..#
######### #.####.#..#
........######....#.#..###
.....................†<..##
.#######.#######.#.#......#
#.### ###.#..#..#.....#
#...###...##...##.#####
###ggg@........# #
#....#########....
......### ##.#. #.....
..... #.$.g .. ..... ##..
#..


You could see 3 gnolls.

Vanquished Creatures
  A gnoll (D:2)
  A dart slug (D:1)
  An endoplasm (D:1)
  3 goblins (D:1)
  2 hobgoblins (D:1)
  A quokka (D:1)
  4 ball pythons
  A bat (D:1)
  A frilled lizard (D:1)
  A rat (D:1)
16 creatures vanquished.

Notes
Turn   | Place    | Note
-------+----------+-------------------------------------------
     0 | D:1      | wilfster70 the Demonspawn Transmuter began the quest for
                  | the Orb.
     0 | D:1      | Reached XP level 1. HP: 15/15 MP: 3/3
    83 | D:1      | Found a faded altar of an unknown god.
   260 | D:1      | Reached skill level 3 in Unarmed Combat
   260 | D:1      | Gained mutation: Spells you cast may paralyse adjacent
                  | enemies. [demonic ancestry]
   260 | D:1      | Reached XP level 2. HP: 8/21 MP: 3/5
  1256 | D:2      | Reached XP level 3. HP: 20/26 MP: 6/6
  1256 | D:2      | Demolished by a gnoll

Illustrated notes

Levels and vault maps discovered:
D:1:      erik_arrival_blinker_ship, layout_basic,
          ebering_ecumenical_altar_hall, serial_bayou_pond_e, nrook_mini_vaults,
          supply_closet_lemuel, dk_noncrumbling_4
D:2:      layout_rooms

Skill      XL: |  1 |
---------------+----+-----
Transmutations | 2 |  2.5
Unarmed Combat | 3 |  3.3
Fighting       | |  1.0
Dodging        | |  1.7
Spellcasting   | |  2.0

Action                   || total
-------------------------++-------
Melee: Unarmed           ||    38
       Headbutt          ||     4
       Kick              ||     6
       Punch             ||     1
 Cast: Beastly Appendage ||    12
  Use: Scroll            ||     2
 Stab: Paralysed         ||     4
Armor: Robe              ||     6
Dodge: Dodged            ||    26

Table legend: (Time is in decaauts)
 A = Elapsed time spent in this place.
 B = Non-inter-level travel time spent in this place.
 C = Inter-level travel time spent in this place.
 D = Time resting spent in this place.
 E = Time spent auto-exploring this place.
 F = Levels seen in this place.
 G = Mean time per level.
                   A        B        C        D        E       F      G
               +--------+--------+--------+--------+--------+-----+--------+
         Total |   1252 |   1243 |      9 |    302 |    691 |   2 |  626.0 |
       Dungeon |   1252 |   1243 |      9 |    302 |    691 |   2 |  626.0 |
               +--------+--------+--------+--------+--------+-----+--------+

Top non-repeatable levels by time:
     D:1: 1209 daAuts
     D:2: 43 daAuts
